 Dungeon Crawl Stone Soup version 0.26-a0-597-gb535b0901c (webtiles) character file.

Game seed: 17087595328972365379

(classic levelgen) 9 EnegeticOcto the Covered (level 2, 27/27 HPs)
             Began as a Deep Dwarf Fighter on Aug 26, 2020.
             Quit the game on level 4 of the Dungeon.
             The game lasted 00:00:07 (182 turns).

EnegeticOcto the Covered (Deep Dwarf Fighter)        Turns: 182, Time: 00:00:08

Health: 27/27      AC:  6    Str: 19    XL:     2   Next: 6%
Magic:  2/2        EV:  7    Int:  8    God:
Gold:   15         SH:  9    Dex: 12    Spells: 1/1 levels left

rFire    . . .     SeeInvis .   a - +0 war axe
rCold    . . .     Faith    .   c - +0 kite shield
rNeg     . . .     Spirit   .   b - +0 scale mail
rPois    .         Reflect  .   (no helmet)
rElec    .         Harm     .   (no cloak)
rCorr    .                      (no gloves)
MR       .....                  (no boots)
Stlth    ..........             (no amulet)
HPRegen  0.00/turn              (no ring)
MPRegen  0.08/turn              (no ring)

@: non-regenerating
A: damage resistance, heal wounds, sense surroundings 1, no regeneration
a: Heal Wounds


You were on level 4 of the Dungeon.
You visited 1 branch of the dungeon, and saw 3 of its levels.

You collected 15 gold pieces.

Inventory:

Hand Weapons
 a - a +0 war axe (weapon)
Armour
 b - a +0 scale mail (worn)
 c - a +0 kite shield (worn)
Scrolls
 e - a scroll of identify {unknown}
Potions
 d - a potion of might {@q3}


   Skills:
 + Level 2.8 Fighting
 * Level 2.6 Axes
 + Level 3.4 Armour
 + Level 3.4 Shields


You had one spell level left.
You didn't know any spells.
Your spell library was empty.

Dungeon Overview and Level Annotations

Branches:
Dungeon (2/15)

Altars:


Innate Abilities, Weirdness & Mutations

You are resistant to damage.
You can heal yourself by infusing magical energy.
You passively map a small area around you.
You do not regenerate.


Message History

There is an open door here.
A kobold comes into view. It is wielding a +0 dagger.
The kobold shouts!
A kobold is nearby!
A kobold is nearby!
A kobold is nearby!
You block the kobold's attack.
You hit the kobold but do no damage. You block the kobold's attack.
You slash the kobold!
You kill the kobold!
No target in view!
No target in view!
No target in view!
No target in view!
Things that are here:
a +0 dagger; a kobold corpse
e - a scroll labeled VISMER YWKOAL A kobold comes into view.
The kobold shouts!
The kobold throws a stone.
The stone hits you but does no damage.
The kobold throws a stone.
You block the stone.
You see here a stone.
The kobold throws a stone.
You block the stone.
Found 18 arrows.
You see here a stone.
You slash the kobold!
You kill the kobold!
No target in view!
No target in view!
Found 9 stones.
Found a stone staircase leading down.
There is a stone staircase leading down here.
An ooze comes into view.
The ooze quivers.
A hobgoblin comes into view. It is wielding a +0 club.
The hobgoblin shouts!
You hear a shout!
A kobold comes into view. It is wielding a +0 club.
Found a barding.
A hobgoblin comes into view. It is wielding a +0 club.
The hobgoblin shouts!
The ooze hits you.
You hit the ooze but do no damage. The ooze hits you but does no damage.
There are monsters nearby!
There are monsters nearby!
There are monsters nearby!
There are monsters nearby!
You hit the ooze.
The ooze is moderately wounded.
You slash the hobgoblin!
You kill the hobgoblin!
The ooze hits you but does no damage.
You slash the ooze!
You kill the ooze!
You closely miss the kobold. You block the kobold's attack.
The kobold hits you but does no damage.
You barely miss the kobold. You block the kobold's attack.
The hobgoblin hits you but does no damage.
You closely miss the kobold. You slash the hobgoblin!
You kill the hobgoblin!
You have reached level 2!
The kobold closely misses you.
You slash the kobold!
You kill the kobold!
No target in view!
No target in view!
No target in view!
No target in view!
No target in view!
(D) Dungeon
Where to? (? - help)
There is a stone staircase leading down here.
You climb downwards.
There is a stone staircase leading up here.
You open the door.
Found 5 large rocks.
You fall into a shaft and drop 2 floors!
The shaft crumbles and collapses.
Found a stone staircase leading up.
Found a war axe.
You now have 12 gold pieces.
There is a stone staircase leading up here.
You now have 15 gold pieces (gained 3).
Found a stone staircase leading down.
No target in view!
No target in view!
No target in view!
No target in view!
No target in view!
No target in view!
No target in view!
No target in view!
No target in view!
No target in view!
No target in view!
No target in view!
No target in view!
No target in view!
No target in view!
No target in view!
Are you sure you want to abandon this character and quit the game? (Confirm with "yes".)

#...#.#####.
#...........
#.##.#######
* #.##.#
#.##.#
#######.##.#
#.......##.#
#.########.#
#@# #.# * *
#.# #.# ,*
*... * .#.#.
* #.#.... *
* #,### .. *
* , , * .>P
** P.♣ * , ,


There were no monsters in sight!

Vanquished Creatures
  An ooze (D:1)
  2 hobgoblins (D:1)
  3 kobolds (D:1)
6 creatures vanquished.

Notes
Turn   | Place    | Note
-------+----------+-------------------------------------------
     0 | D:1      | EnegeticOcto the Deep Dwarf Fighter began the quest for the
                  | Orb.
     0 | D:1      | Reached XP level 1. HP: 20/20 MP: 1/1
   123 | D:1      | Reached XP level 2. HP: 27/27 MP: 2/2
   147 | D:2      | You fall into a shaft and drop 2 floors!
   182 | D:4      | Quit the game

Illustrated notes

Levels and vault maps discovered:
D:1:      dpeg_arrival_shelter, layout_basic, minmay_pentomino_p2
D:2:      minmay_roachtagon, layout_basic, st_stairs_7
D:4:      layout_loops_ring, kennysheep_little_box, serial_forest,
          infiniplex_forest_straight_3, infiniplex_forest_split,
          infiniplex_forest_clump_diagonal, infiniplex_forest_lined_room_,
          infiniplex_forest_clump_double, infiniplex_forest_clump_diagonal,
          serial_shops, kennysheep_mini

Action                   || total
-------------------------++-------
Melee: War axe           ||     9
Armor: Scale mail        ||     4
Dodge: Dodged            ||     1
Block: Kite shield       ||     6

Table legend: (Time is in decaauts)
 A = Elapsed time spent in this place.
 B = Non-inter-level travel time spent in this place.
 C = Inter-level travel time spent in this place.
 D = Time resting spent in this place.
 E = Time spent auto-exploring this place.
 F = Levels seen in this place.
 G = Mean time per level.
                   A        B        C        D        E       F      G
               +--------+--------+--------+--------+--------+-----+--------+
         Total |    185 |    172 |     13 |      0 |    145 |   3 |   61.7 |
       Dungeon |    185 |    172 |     13 |      0 |    145 |   3 |   61.7 |
               +--------+--------+--------+--------+--------+-----+--------+

Top non-repeatable levels by time:
     D:1: 142 daAuts
     D:4: 34 daAuts
     D:2: 8 daAuts
